 Dungeon Crawl Stone Soup version 0.23-a0-625-g1d2cd9b (console) character file.

47 bli the Ducker (level 3, -13/26 HPs)
             Began as a Demonspawn Wanderer on Dec 24, 2018.
             Mangled by Crazy Yiuf
             ... wielding a +2 quarterstaff of chaos
              (17 damage)
             ... on level 2 of the Dungeon.
             The game lasted 00:06:15 (1498 turns).

bli the Ducker (Demonspawn Wanderer)                Turns: 1498, Time: 00:06:16

Health: -13/26     AC:  3    Str: 12    XL:     3   Next: 48%
Magic:  3/3        EV: 12    Int: 11    God:
Gold:   61         SH:  0    Dex: 15    Spells: 2/2 levels left

rFire    . . .     SeeInvis .   a - +0 shortbow
rCold    . . .     Gourm    .   (shield currently unavailable)
rNeg     . . .     Faith    .   o - +0 leather armour
rPois    .         Spirit   .   (no helmet)
rElec    .         Reflect  .   (no cloak)
rCorr    .         Harm     .   (no gloves)
MR       .....                  (no boots)
Stlth    ++........             (no amulet)
HPRegen  0.08/turn              r - ring of attention (curse)
MPRegen  0.08/turn              (no ring)

@: slowed, drained, very slow
A: nightstalker 1
a: no special abilities


You were on level 2 of the Dungeon.
You were not hungry.

You visited 1 branch of the dungeon, and saw 2 of its levels.

You collected 61 gold pieces.

Inventory:

Hand Weapons
 a - a +0 shortbow (weapon)
 c - a +0 quarterstaff
 g - a +0 dagger
 t - a +0 hunting sling
Missiles
 e - 8 arrows (quivered)
 k - 80 stones
 s - 22 sling bullets
Armour
 f - a +0 robe
 o - a +0 leather armour (worn)
Jewellery
 r - a cursed ring of attention (left hand)
Scrolls
 b - a scroll of fear
 d - a scroll of blinking
 i - 2 scrolls of identify {unknown}
 m - a scroll of fog {unknown}
 p - a scroll of enchant weapon {unknown}
 q - 4 scrolls of remove curse {unknown}
 v - a scroll of teleportation {unknown}
Potions
 l - 2 potions of haste {unknown}
 n - a potion of mutation {unknown}
 u - a potion of curing {unknown}
Comestibles
 h - 3 rations
 j - 11 chunks of flesh


   Skills:
 + Level 1.2(0.6) Fighting
 * Level 3.1(2.5) Bows
 + Level 1.1(0.5) Armour
 + Level 3.1(2.5) Dodging
 + Level 1.7(1.2) Stealth
 - Level 1.0(0.4) Unarmed Combat


You had 2 spell levels left.
You didn't know any spells.
Your spell library was empty.

Dungeon Overview and Level Annotations

Branches:
Dungeon (2/15)

Altars:

Annotations:
D:2 Crazy Yiuf


Innate Abilities, Weirdness & Mutations

You are slightly more attuned to the shadows.


Message History

You shoot an arrow. The arrow barely misses Crazy Yiuf.
Crazy Yiuf hits you with a +2 quarterstaff of chaos!
You feel drained.
Firing (i - inventory. (/) - cycle)
e - 10 arrows (quivered)
Press: ? - help, Shift-Dir - straight line, f/p - Crazy Yiuf
Aim: Crazy Yiuf, wielding a +2 quarterstaff of chaos and wearing a +0 cloak You shoot an arrow.
The arrow hits Crazy Yiuf but does no damage.
Crazy Yiuf is moderately wounded.
Crazy Yiuf says, "Orb infinity sow!"
Crazy Yiuf hits you with a +2 quarterstaff of chaos!
* * * LOW HITPOINT WARNING * * *
You feel yourself slow down.
Firing (i - inventory. (/) - cycle)
e - 9 arrows (quivered)
Press: ? - help, Shift-Dir - straight line, f/p - Crazy Yiuf
Aim: Crazy Yiuf, wielding a +2 quarterstaff of chaos and wearing a +0 cloak You shoot an arrow.
The arrow closely misses Crazy Yiuf.
Crazy Yiuf hits you Space warps horribly around you!
Ouch! That really hurt!
You die...

#.##.####....####
#########
.............#
..##.######.## #####
.....# #.# #.()#
.##### #.# #...# .#
##+## .(. ## ##...#
#'# ### ##....# ♣♣(♣
#.## ##.....# ♣(♣♣
<..####......# ♣♣g♣
......+......# ♣@♣♣
...####......# ♣♣.♣♣
#.## ##.....# ♣...♣♣
.## ##..÷.# ♣....♣ .#
##...# #....# .# ##'##
##..### .# #######.###
#....# .# #.........#
#....# .# #.........#
####.# .# #.........##
#.#
.####÷.........#####.#


You could see Crazy Yiuf.

Vanquished Creatures
  3 dart slugs
  2 giant cockroaches (D:2)
  4 hobgoblins (D:1)
  4 jackals (D:2)
  A ball python (D:2)
  7 bats (D:1)
  4 frilled lizards
  7 goblins
  5 kobolds (D:1)
  4 rats (D:1)
41 creatures vanquished.

Notes
Turn   | Place    | Note
-------+----------+-------------------------------------------
     0 | D:1      | bli the Demonspawn Wanderer began the quest for the Orb.
     0 | D:1      | bli set off with the following items: a scroll of blinking,
                  | a scroll of fear, a +0 quarterstaff, a +0 shortbow, 22
                  | arrows, a +0 robe, a +0 dagger, a ration
     0 | D:1      | Reached XP level 1. HP: 15/15 MP: 1/1
   129 | D:1      | Gained mutation: You are slightly more attuned to the
                  | shadows. [demonic ancestry]
   129 | D:1      | Reached XP level 2. HP: 11/21 MP: 2/2
   763 | D:1      | Reached XP level 3. HP: 26/26 MP: 3/3
  1484 | D:2      | Found a runed door.
  1488 | D:2      | Noticed Crazy Yiuf
  1498 | D:2      | Mangled by Crazy Yiuf

Vault maps used:
D:1:      psy_arrival_dodecagon, minmay_tetromino_i4
D:2:      chequers_arboretum, uniq_crazy_yiuf_cottage

Skill      XL: |  1  2  3 |
---------------+----------+-----
Bows           | 2 3 |  3.1
Dodging        | 3 |  3.1
Fighting       | |  1.2
Armour         | |  1.1
Stealth        | |  1.7
Unarmed Combat | |  1.0

Action                   || total
-------------------------++-------
Melee: Unarmed           ||    46
       Punch             ||     1
 Fire: Shortbow          ||    79
 Stab: Sleeping          ||     1
  Eat: Chunk             ||     2
Armor: Robe              ||     6
       Leather armour    ||     8
Dodge: Dodged            ||    36

Table legend:
 A = Non-vault XP
 B = Vault XP
 C = Vault XP percentage of total XP
 D = Non-vault monster count
 E = Vault monster count
 F = Vault count percentage of total count
                 A         B        C        D         E       F
            +---------+---------+-------+---------+---------+-------
      Total |      61 |       7 |  10.3 |      38 |       3 |   7.3
            +---------+---------+-------+---------+---------+-------
        D:1 |      35 |       7 |  16.7 |      25 |       3 |  10.7
        D:2 |      26 |       0 |   0.0 |      13 |       0 |   0.0
            +---------+---------+-------+---------+---------+-------
